 Dungeon Crawl Stone Soup version 0.32-a0-42-ga30500b4d3 (webtiles) character file.

Game seed: 14516616209342674426

614 whatisthis the Trooper (level 7, -6/55 HPs)
             Began as a Demonspawn Brigand on Jan 27, 2024.
             Mangled by Duvessa
             ... wielding a +0 falchion
              (21 damage)
             ... on level 4 of the Dungeon.
             The game lasted 00:07:57 (3016 turns).

whatisthis the Trooper (Demonspawn Brigand)         Turns: 3016, Time: 00:07:58

Health: -6/55      AC:  7    Str: 11    XL:     7   Next: 20%
Magic:  7/7        EV: 12    Int: 12    God:
Gold:   277        SH:  0    Dex: 16    Spells: 6/6 levels left

rFire   . . .        q - +2 dagger (venom)
rCold   . . .        (no shield)
rNeg    . . .        f - +0 ring mail
rPois   .            (no helmet)
rElec   .            c - +0 cloak
rCorr   .            (no gloves)
SInv    .            (no boots)
Will    .....        (no amulet)
Stlth   ++           (no ring)
HPRegen 0.29/turn    (no ring)
MPRegen 0.10/turn

%: no passive effects
@: no status effects
A: foul stench 1, sharp scales 1, weakness stinger 2
a: no special abilities


You were on level 4 of the Dungeon.
You visited 1 branch of the dungeon, and saw 4 of its levels.

You collected 277 gold pieces.

Inventory:

Hand Weapons
 a - the +5 dagger "Jecummomuv" {antimagic, rN+ Int+2 Stlth+}
   (You found it on level 3 of the Dungeon)

   Int+2:     It affects your intelligence (+2).
   rN+:       It protects you from negative energy.
   Stlth+:    It makes you more stealthy.
 b - a +0 long sword
 q - a +2 dagger of venom (weapon)
Missiles
 d - 19 poisoned darts
 e - a curare-tipped dart (quivered)
Armour
 c - a +0 cloak (worn)
 f - a +0 ring mail (worn)
Jewellery
 t - a ring of ice
Scrolls
 g - 4 scrolls of identify {unknown}
 h - a scroll of torment {unknown}
 i - a scroll of enchant weapon {unknown}
 j - 4 scrolls of teleportation {unknown}
 k - a scroll of fog {unknown}
 l - a scroll of revelation {unknown}
 n - a scroll of fear {unknown}
 o - a scroll of butterflies {unknown}
 r - a scroll of enchant armour {unknown}
Potions
 m - a potion of curing {unknown}
 p - a potion of heal wounds {unknown}
 s - 2 potions of enlightenment {unknown}
 u - a potion of mutation {unknown}


   Skills:
 + Level 4.9 Fighting
 - Level 1.7(3.0) Short Blades
 + Level 3.8(4.0) Long Blades
 - Level 1.7 Throwing
 + Level 4.0 Dodging
 - Level 3.6 Stealth


You had 6 spell levels left.
You didn't know any spells.
Your spell library contained the following spells:

 Spells                   Type           Power      Damage    Failure   Level
 Animate Armour           Summ/Erth      0%         N/A       100%        4
 Ignite Poison            Fire/Alch      0%         N/A       100%        4
 Sticky Flame             Fire/Alch      0%         2d4       100%        4
 Summon Lightning Spire   Summ/Air       0%         N/A       100%        4
 Lee's Rapid Deconstruct  Erth           0%         3d4*      100%        5
 Ignition                 Fire           0%         3d3       100%        8


Dungeon Overview and Level Annotations

Branches:
Dungeon (4/15)
 Temple: D:4-7

Altars:
Cheibriados
Trog

Annotations:
D:4 Duvessa


Innate Abilities, Weirdness & Mutations

You may rarely emit foul miasma when damaged in melee.
You are partially covered in razor-sharp scales. (AC +1, Slay +1)
You have a tail ending in a sharp stinger.


Message History

HP restored.
Your movement speed is average.
Your attack delay is about 0.8.
Your damage rating with your +2 dagger of venom is about 8 (Base 4 x 115% (Dex) x 114% (Skill) + 3 (Ench + Slay)).
Duvessa is nearby!
Duvessa goes berserk!
Throw: 3 darts (curare)
Press: ? - help, Q - select action, (/) - cycle Shift-Dir - straight line, f - Duvessa
Aim: Duvessa, wielding a +0 falchion and wearing a +0 chain mail (berserk, 71% to hit)
You throw a curare-tipped dart.
The curare-tipped dart closely misses Duvessa.
Throw: 2 darts (curare)
Press: ? - help, Q - select action, (/) - cycle Shift-Dir - straight line, f/p - Duvessa
Aim: Duvessa, wielding a +0 falchion and wearing a +0 chain mail (berserk, 71% to hit)
You throw a curare-tipped dart. The curare-tipped dart hits Duvessa.
Duvessa is poisoned.
Duvessa struggles to breathe.
Duvessa seems to slow down.
Duvessa is moderately wounded.
Duvessa misses you.
You barely miss Duvessa.
Duvessa is moderately wounded.
Duvessa hits you with a +0 falchion!
You hit Duvessa.
Duvessa looks as sick as possible!
Duvessa is moderately wounded.
Duvessa hits you with a +0 falchion!
You hit Duvessa.
Duvessa looks as sick as possible!
You punch Duvessa, but do no damage.
Duvessa is moderately wounded.
You hit Duvessa but do no damage.
Your tail-slap misses Duvessa.
Duvessa is heavily wounded.
Duvessa hits you with a +0 falchion!
You hit Duvessa but do no damage.
Duvessa looks as sick as possible!
Duvessa is heavily wounded.
Duvessa barely misses you.
You hit Duvessa but do no damage.
Duvessa looks as sick as possible!
Duvessa is heavily wounded.
Duvessa hits you with a +0 falchion.
* * * LOW HITPOINT WARNING * * *
You aren't carrying any items that you can evoke.
Duvessa attacks as she pursues you! Duvessa hits you with a +0 falchion!!
You die...

#.# #.# #### #.# #.#
...# #.# #.# . ...
#.# #)# . ..#####.#
#.# # #.#...#.# #.#
######### # #.#.#.#.#
#.# #<.......
#######.#<#.#.#####.#
#########
............[.(e@..>#
#
#######.....#.#####.#
# # #####.#[# #.# #
### #....# #.# #
..########....# #.# #
.....J...'....#
##.#############
..########...##
#............... ..#
#...#
#.<############# ..#
#...# #..#


You could see Duvessa (berserk, extremely poisoned, slow).

Vanquished Creatures
  Pikel (D:4)
  A lemure (D:4)
  Dowan (D:4)
  A hound (D:3)
  An adder (D:3)
  2 ribbon worms
  4 orcs
  6 endoplasms
  5 giant cockroaches
  3 goblins
  3 hobgoblins
  9 kobolds
  6 quokkas
  7 ball pythons
  3 bats
  3 frilled lizards
  3 rats
59 creatures vanquished.

Notes
Turn   | Place    | Note
-------+----------+-------------------------------------------
     0 | D:1      | whatisthis the Demonspawn Brigand began the quest for the
                  | Orb.
     0 | D:1      | Reached XP level 1. HP: 16/16 MP: 1/1
    66 | D:1      | Reached skill level 1 in Dodging
   222 | D:1      | Gained mutation: You have a small tail. [demonic ancestry]
   222 | D:1      | Reached XP level 2. HP: 18/22 MP: 2/2
   562 | D:1      | Reached skill level 1 in Long Blades
   862 | D:2      | Gained mutation: You may rarely emit foul miasma when
                  | damaged in melee. [demonic ancestry]
   862 | D:2      | Reached XP level 3. HP: 23/28 MP: 3/3
  1375 | D:3      | Found a faded altar of an unknown god.
  1750 | D:3      | Identified the +5 dagger "Jecummomuv" {antimagic, rN+ Int+2
                  | Stlth+}
  2028 | D:3      | Found a bloodstained altar of Trog.
  2041 | D:3      | Found a snail-covered altar of Cheibriados.
  2055 | D:3      | Gained mutation: You have a tail ending in a sharp stinger.
                  | [demonic ancestry]
  2055 | D:3      | Reached XP level 4. HP: 20/35 MP: 1/4
  2444 | D:4      | Noticed Duvessa
  2459 | D:4      | Noticed Dowan
  2633 | D:4      | Killed Dowan
  2634 | D:4      | Reached XP level 5. HP: 32/41 MP: 1/5
  2851 | D:4      | Noticed a lemure
  2851 | D:4      | Noticed a lemure
  2851 | D:4      | Noticed a lemure
  2878 | D:4      | Killed a lemure
  2913 | D:4      | Noticed Pikel
  2948 | D:4      | Killed Pikel
  2949 | D:4      | Gained mutation: You are partially covered in razor-sharp
                  | scales. (AC +1, Slay +1) [demonic ancestry]
  2949 | D:4      | Reached XP level 6. HP: 37/50 MP: 6/6
  2949 | D:4      | Reached XP level 7. HP: 41/55 MP: 7/7
  3016 | D:4      | Mangled by Duvessa

Illustrated notes

Levels and vault maps discovered:
D:1:      wander_arrival_abandoned_jail, layout_rooms
D:2:      layout_rooms
D:3:      layout_basic, lemuel_tele_altar, slow_altar_2, basic_ecumenical_altar,
          nicolae_underground_beach
D:4:      layout_basic, minmay_temple_entry_enclosed_plants, uniq_duvessa,
          uniq_pikel, uniq_natasha

Skill      XL: |  1  2  3  4  5 |
---------------+----------------+-----
Dodging        | 1 2 4 |  4.0
Long Blades    | 1 2 3 |  3.8
Fighting       | 3 4 |  4.9
Short Blades   | |  1.7
Throwing       | |  1.7
Stealth        | |  3.6

Action                     |  1- 3 |  4- 6 |  7- 9 || total
---------------------------+-------+-------+-------++-------
  Melee: Dagger            |   156 |    47 |     6 ||   209
         Tailslap          |    22 |    13 |       ||    35
         Long sword        |     2 |       |       ||     2
         Punch             |       |       |     1 ||     1
  Throw: Dart              |       |     5 |     2 ||     7
   Stab: Sleeping          |     5 |       |       ||     5
         Distracted        |     1 |       |       ||     1
 Armour: Ring mail         |    85 |    29 |     5 ||   119
  Dodge: Dodged            |    81 |    21 |     2 ||   104

Table legend: (Time is in decaauts)
 A = Elapsed time spent in this place.
 B = Non-inter-level travel time spent in this place.
 C = Inter-level travel time spent in this place.
 D = Time resting spent in this place.
 E = Time spent auto-exploring this place.
 F = Levels seen in this place.
 G = Mean time per level.
                   A        B        C        D        E       F      G
               +--------+--------+--------+--------+--------+-----+--------+
         Total |   2996 |   2816 |    180 |    276 |   1847 |   4 |  749.0 |
       Dungeon |   2996 |   2816 |    180 |    276 |   1847 |   4 |  749.0 |
               +--------+--------+--------+--------+--------+-----+--------+

Top non-repeatable levels by time:
     D:3: 1560 daAuts
     D:1: 553 daAuts
     D:2: 453 daAuts
     D:4: 429 daAuts
